 Dungeon Crawl Stone Soup version 0.29-a0-1052-g6990b1bffc (webtiles) character file.

Game seed: 18285556330619098929

59 dduke234 the Covered (level 3, -4/33 HPs)
             Began as a Minotaur Fighter on Aug 17, 2022.
             Frozen to death by an endoplasm (5 damage)
             ... on level 3 of the Dungeon.
             The game lasted 00:03:07 (1841 turns).

dduke234 the Covered (Minotaur Fighter)             Turns: 1841, Time: 00:03:09

Health: -4/33      AC:  7    Str: 20    XL:     3   Next: 78%
Magic:  2/2        EV:  9    Int:  5    God:
Gold:   102        SH:  4    Dex: 11    Spells: 2/2 levels left

rFire   . . .      SeeInvis .   a - +1 long sword
rCold   . . .      Faith    .   c - +0 buckler
rNeg    . . .      Spirit   .   b - +0 scale mail
rPois   .          Reflect  .   (helmet restricted)
rElec   .          Harm     .   (no cloak)
rCorr   .          Rampage  .   (no gloves)
Will    .....                   (no boots)
Stlth   ..........              (no amulet)
HPRegen 0.11/turn               (no ring)
MPRegen 0.08/turn               (no ring)

@: mighty
A: horns 2, retaliatory headbutt
a: no special abilities


You were on level 3 of the Dungeon.
You visited 1 branch of the dungeon, and saw 3 of its levels.

You collected 102 gold pieces.

Inventory:

Hand Weapons
 a - a +1 long sword (weapon)
Armour
 b - a +0 scale mail (worn)
 c - a +0 buckler (worn)
Scrolls
 e - a scroll of amnesia {unknown}
 k - 2 scrolls of fear
Potions
 f - a potion of brilliance
 g - 3 potions of curing


   Skills:
 * Level 4.1 Fighting
 * Level 3.6 Long Blades
 + Level 4.1 Armour
 + Level 0.5 Dodging
 + Level 0.1 Stealth
 + Level 4.0 Shields


You had 2 spell levels left.
You didn't know any spells.
Your spell library was empty.

Dungeon Overview and Level Annotations

Branches:
Dungeon (3/15)

Altars:

Shops:
D:2 (


Innate Abilities, Weirdness & Mutations

You have a pair of horns on your head.
You reflexively headbutt those who attack you in melee.


Message History

The kobold hits you with a +0 short sword.
You barely miss the orc. Your headbutt misses the orc.
The orc is lightly wounded.
The adder bites you but does no damage. The frilled lizard bites you.
You block the goblin's attack. The orc hits you but does no damage.
You block the kobold's attack.
You slash the orc!
You kill the orc!
The adder bites you but does no damage. The frilled lizard closely misses you.
You furiously retaliate!
You headbutt the frilled lizard!
You kill the frilled lizard!
The goblin hits you but does no damage. The kobold hits you but does no damage.
You block the adder's attack.
You slash the adder! You headbutt the adder.
You kill the adder!
The kobold hits you but does no damage. The endoplasm freezes you.
You are frozen.
You block the orc's attack. The goblin hits you with a +0 dagger.
* * * LOW HITPOINT WARNING * * *
The endoplasm closely misses you.
You slice the goblin!!
You kill the goblin!
The kobold hits you but does no damage.
The kobold throws a stone.
The stone hits you but does no damage. The orc hits you with a +0 hand axe.
* * * LOW HITPOINT WARNING * * *
The endoplasm freezes you.
You are frozen.
* * * LOW HITPOINT WARNING * * *
The endoplasm freezes you.
You are frozen.
* * * LOW HITPOINT WARNING * * *
The orc closely misses you. The kobold barely misses you.
You furiously retaliate!
You headbutt the kobold!
You kill the kobold!
The kobold throws a stone.
The stone barely misses you.
The stone barely misses the endoplasm.
The endoplasm freezes you.
You are frozen.
You die...

###########
..........#####
....S..........
.#.......#.....
......#†o....#
#.J@)K#....
#..)J#....#g
#...#..?#...#
....#..#.$#..#
.#.#.#. .#.#.#
#.##.# .##.## #
# ## [# #


You could see an orc, 2 endoplasms and a kobold.

Vanquished Creatures
  2 adders
  A dart slug (D:2)
  An orc (D:3)
  3 endoplasms
  5 giant cockroaches
  5 goblins
  3 hobgoblins
  4 kobolds
  3 quokkas
  3 bats
  3 frilled lizards
  6 rats
39 creatures vanquished.

Notes
Turn   | Place    | Note
-------+----------+-------------------------------------------
     0 | D:1      | dduke234 the Minotaur Fighter began the quest for the Orb.
     0 | D:1      | Reached XP level 1. HP: 19/19 MP: 0/0
   383 | D:1      | Reached XP level 2. HP: 27/27 MP: 1/1
   816 | D:1      | You fall into a shaft and drop 1 floor!
   986 | D:2      | Found Qiled's Weapon Emporium.
  1049 | D:2      | Reached XP level 3. HP: 23/33 MP: 2/2
  1841 | D:3      | HP: 1/33 [frozen (3)]
  1841 | D:3      | Frozen to death by an endoplasm

Illustrated notes

Levels and vault maps discovered:
D:1:      dpeg_arrival_water_temple_mockup, layout_loops_ring
D:2:      layout_rooms, serial_shops, nicolae_shop_crystal, grunt_ministairs_6
D:3:      layout_basic, mainiacjoe_overflow_boulevard, gup_sewer_entry_bubbles,
          minmay_increasing_density

Skill      XL: |  1  2  3 |
---------------+----------+-----
Fighting       | 4 |  4.1
Long Blades    | 3 |  3.6
Armour         | 4 |  4.1
Shields        | 4 |  4.0
Dodging        | |  0.5
Stealth        | |  0.1

Action                   || total
-------------------------++-------
Melee: Long sword        ||    90
       Headbutt          ||    17
  Use: Potion            ||     5
       Scroll            ||     4
Armor: Scale mail        ||    57
Dodge: Dodged            ||    61
Block: Buckler           ||    28

Table legend: (Time is in decaauts)
 A = Elapsed time spent in this place.
 B = Non-inter-level travel time spent in this place.
 C = Inter-level travel time spent in this place.
 D = Time resting spent in this place.
 E = Time spent auto-exploring this place.
 F = Levels seen in this place.
 G = Mean time per level.
                   A        B        C        D        E       F      G
               +--------+--------+--------+--------+--------+-----+--------+
         Total |   1853 |   1790 |     63 |      0 |   1514 |   3 |  617.7 |
       Dungeon |   1853 |   1790 |     63 |      0 |   1514 |   3 |  617.7 |
               +--------+--------+--------+--------+--------+-----+--------+

Top non-repeatable levels by time:
     D:2: 1015 daAuts
     D:1: 826 daAuts
     D:3: 11 daAuts
